 Dungeon Crawl Stone Soup version 0.28-a0-704-g4d584c6bc1 (webtiles) character file.

Game seed: 15574191337113821619

174 Gargoyl the Skirmisher (level 5, -29/47 HPs)
             Began as a Gnoll Abyssal Knight on Oct 24, 2021.
             Was a Believer of Lugonu.
             Engulfed by a cloud of flame (35 damage)
             ... on level 4 of the Dungeon.
             The game lasted 00:03:05 (3327 turns).

Gargoyl the Skirmisher (Gnoll Abyssal Knight)       Turns: 3327, Time: 00:03:05

Health: -29/47     AC: 10    Str: 13    XL:     5   Next: 54%
Magic:  8/8        EV:  6    Int: 13    God:    Lugonu [**....]
Gold:   153        SH:  4    Dex: 16    Spells: 7/7 levels left

rFire   . . .      SeeInvis +   d - +8 broad axe "Wixul" {elec, rN+ Int+4 Dex+3}
rCold   . . .      Faith    .   m - +0 buckler
rNeg    + . .      Spirit   .   c - +0 chain mail
rPois   .          Reflect  .   (no helmet)
rElec   .          Harm     .   h - +0 cloak
rCorr   .          Rampage  .   (no gloves)
Will    .....                   (no boots)
Stlth   ..........              (no amulet)
HPRegen 0.15/turn               j - ring of flight
MPRegen 0.11/turn               n - ring of see invisible

@: flying
A: fangs 1, strong nose, distributed training
a: Renounce Religion, Depart the Abyss, Bend Space


You were on level 4 of the Dungeon.
You worshipped Lugonu.
Lugonu was pleased with you.
You visited 1 branch of the dungeon, and saw 4 of its levels.
You visited the Abyss 1 time.

You collected 153 gold pieces.

Inventory:

Hand Weapons
 a - a +1 spectral hand axe
 d - the +8 broad axe "Wixul" (weapon) {elec, rN+ Int+4 Dex+3}
   (You acquired it on level 2 of the Dungeon)

   It occasionally discharges a powerful burst of electricity upon striking a
   foe.
   Int:       It affects your intelligence (+4).
   Dex:       It affects your dexterity (+3).
   rN:        It protects you from negative energy.
Armour
 c - a +0 chain mail (worn)
 h - a +0 cloak (worn)
 m - a +0 buckler (worn)
Jewellery
 j - a ring of flight (left hand)
 n - a ring of see invisible (right hand)
Scrolls
 i - 2 scrolls of identify
Potions
 b - 2 potions of heal wounds
 f - a potion of lignification {unknown}
 g - 3 potions of flight {unknown}
 k - a potion of curing {unknown}
 l - a potion of magic {unknown}


   Skills:
 + Level 6.7 Fighting
 + Level 1.5 Short Blades
 + Level 1.5 Long Blades
 + Level 4.8 Axes
 + Level 1.5 Maces & Flails
 + Level 1.5 Polearms
 + Level 1.5 Staves
 + Level 1.5 Slings
 + Level 1.5 Bows
 + Level 1.5 Crossbows
 + Level 1.5 Throwing
 + Level 4.8 Armour
 + Level 3.0 Dodging
 + Level 1.5 Stealth
 + Level 1.5 Shields
 + Level 1.5 Unarmed Combat
 + Level 1.5 Spellcasting
 + Level 1.2 Conjurations
 + Level 1.2 Hexes
 + Level 1.2 Summonings
 + Level 1.2 Necromancy
 + Level 1.2 Translocations
 + Level 1.2 Transmutations
 + Level 1.2 Fire Magic
 + Level 1.2 Ice Magic
 + Level 1.2 Air Magic
 + Level 1.2 Earth Magic
 + Level 1.2 Poison Magic
 + Level 4.9 Invocations
 + Level 1.5 Evocations


You had 7 spell levels left.
You didn't know any spells.
Your spell library contained the following spells:

 Spells                   Type           Power      Damage    Failure   Level
 Sting                    Tmut/Pois      16%        1d3       99%         1
 Poisonous Vapours        Pois/Air       8%         N/A       100%        2
 Summon Guardian Golem    Hex/Summ       4%         N/A       100%        3
 Olgreb's Toxic Radiance  Pois           4%         N/A       100%        4
 Orb of Destruction       Conj           2%         9d1       100%        7
 Spellforged Servitor     Conj/Summ      2%         N/A       100%        7


Dungeon Overview and Level Annotations

Branches:
Dungeon (4/15)
 Temple: D:4-7

Altars:

Annotations:
D:3 2 transporters, Zigma's ghost, amateur OpSu


Innate Abilities, Weirdness & Mutations

You have very sharp teeth.
Your uncanny sense of smell can sniff out nearby items.
Your experience applies equally to all skills.


Message History

It is a scroll of amnesia.
You feel forgetful for a moment.
You reach down and open the door.
A giant cockroach comes into view.
The giant cockroach waves its antennae.
Found a scroll labelled HAPRIK FEUKEA and a chain mail.
A giant cockroach is nearby!
A giant cockroach is nearby!
The giant cockroach bites you but does no damage.
There is an open door here.
You slash the giant cockroach!
Lightning courses through the giant cockroach!
You kill the giant cockroach!
Lugonu accepts your kill.
Unknown command.
Unknown command.
e - a scroll labelled HAPRIK FEUKEA As you open the door, it creaks loudly!
A ball python comes into view.
The ball python hisses angrily.
You hear a shout!
Found 20 stones, 20 gold pieces and 13 poisoned darts.
As you read the scroll labelled HAPRIK FEUKEA, it crumbles to dust.
The creatures around you are filled with an inner flame!
It was a scroll of immolation.
A goblin comes into view. It is wielding a +0 dagger.
The ball python bites you but does no damage.
The ball python grabs you. The ball python constricts you.
You slice the ball python!!
Lightning courses through the ball python!
Lugonu accepts your kill.
The ball python explodes!
The fiery explosion engulfs you!!!
Ouch! That really hurt!
* * * LOW HITPOINT WARNING * * *
The fiery explosion engulfs the goblin!!!
You kill the goblin!
Lugonu accepts your kill.
You are engulfed in blazing flames.
Ouch! That really hurt!
You die...

#...####+#######'#####..#
#..## #..†..###..# #..###
##.....##.## #..#.##
##.....#.# #..#..##
##....#.# ##.'...##
#...+.# #.#....## #..#.#
#.#.....# #.# #.##.[.@# ∆
## #.###...§§(.$.+ #.#
##.§#§.(..# #.#
##.#.$...# #. ### #+### ∆


There were no monsters in sight!

Vanquished Creatures
  An orc priest (D:3)
  An iguana (D:4)
  3 gnolls (D:3)
  An adder (D:4)
  2 worms
  3 dart slugs
  2 orcs (D:3)
  5 ball pythons
  7 endoplasms
  4 giant cockroaches
  5 goblins
  4 hobgoblins
  9 jackals
  2 quokkas
  7 bats
  3 frilled lizards
  A kobold (D:2)
  4 rats
64 creatures vanquished.

Notes
Turn   | Place    | Note
-------+----------+-------------------------------------------
     0 | Abyss:1  | Gargoyl the Gnoll Abyssal Knight began the quest for the
                  | Orb.
     0 | Abyss:1  | Reached XP level 1. HP: 23/23 MP: 3/3
    47 | Abyss:2  | Found a corrupted altar of Lugonu.
    95 | Abyss:2  | Noticed a spriggan
   102 | Abyss:2  | Noticed a hellwing
   106 | D:1      | Escaped the Abyss
   485 | D:1      | Reached * piety under Lugonu
   503 | D:1      | Reached XP level 2. HP: 28/29 MP: 5/5
  1161 | D:2      | Identified a scroll of acquirement
  1161 | D:2      | Acquired the +8 broad axe "Wixul" {elec, rN+ Int+4 Dex+3}
  1293 | D:2      | Reached XP level 3. HP: 35/35 MP: 6/6
  1958 | D:3      | Found a transporter.
  1960 | D:3      | Noticed Zigma's ghost (amateur OpSu)
  1962 | D:3      | Found a transporter.
  1981 | D:3      | Reached skill level 1 in Short Blades
  1981 | D:3      | Reached skill level 1 in Long Blades
  1981 | D:3      | Reached skill level 1 in Maces & Flails
  1981 | D:3      | Reached skill level 1 in Polearms
  1981 | D:3      | Reached skill level 1 in Staves
  1981 | D:3      | Reached skill level 1 in Slings
  1981 | D:3      | Reached skill level 1 in Bows
  1981 | D:3      | Reached skill level 1 in Crossbows
  1981 | D:3      | Reached skill level 1 in Throwing
  1981 | D:3      | Reached skill level 1 in Stealth
  1981 | D:3      | Reached skill level 1 in Shields
  1981 | D:3      | Reached skill level 1 in Unarmed Combat
  1981 | D:3      | Reached skill level 1 in Spellcasting
  1981 | D:3      | Reached skill level 1 in Evocations
  1991 | D:3      | Reached ** piety under Lugonu
  1994 | D:3      | Reached XP level 4. HP: 29/41 MP: 7/7
  2323 | D:3      | Found a faded altar of an unknown god.
  2330 | D:3      | Reached skill level 1 in Conjurations
  2330 | D:3      | Reached skill level 1 in Hexes
  2330 | D:3      | Reached skill level 1 in Summonings
  2330 | D:3      | Reached skill level 1 in Necromancy
  2330 | D:3      | Reached skill level 1 in Translocations
  2330 | D:3      | Reached skill level 1 in Transmutations
  2330 | D:3      | Reached skill level 1 in Fire Magic
  2330 | D:3      | Reached skill level 1 in Ice Magic
  2330 | D:3      | Reached skill level 1 in Air Magic
  2330 | D:3      | Reached skill level 1 in Earth Magic
  2330 | D:3      | Reached skill level 1 in Poison Magic
  2346 | D:3      | Reached XP level 5. HP: 17/47 MP: 8/8
  3327 | D:4      | Engulfed by a cloud of flame

Illustrated notes

Levels and vault maps discovered:
D:1:      minmay_arrival_checkered_box, layout_loops_ring,
          minmay_misc_feat_alley, minmay_tree_intersection
D:2:      layout_basic, mrwooster_statue_mirror
D:3:      layout_basic, shapermc_ecumenical_altar_starsandcircs,
          gammafunk_ghost_mausoleum
D:4:      layout_cave_pods, minmay_quadrilaterals

Skill      XL: |  1  2  3  4  5 |
---------------+----------------+-----
Short Blades   | 1 |  1.5
Long Blades    | 1 |  1.5
Maces & Flails | 1 |  1.5
Polearms       | 1 |  1.5
Staves         | 1 |  1.5
Slings         | 1 |  1.5
Bows           | 1 |  1.5
Crossbows      | 1 |  1.5
Throwing       | 1 |  1.5
Stealth        | 1 |  1.5
Shields        | 1 |  1.5
Unarmed Combat | 1 |  1.5
Spellcasting   | 1 |  1.5
Evocations     | 1 |  1.5
Conjurations   | 1 |  1.2
Hexes          | 1 |  1.2
Summonings     | 1 |  1.2
Necromancy     | 1 |  1.2
Translocations | 1 |  1.2
Transmutations | 1 |  1.2
Fire Magic     | 1 |  1.2
Ice Magic      | 1 |  1.2
Air Magic      | 1 |  1.2
Earth Magic    | 1 |  1.2
Poison Magic   | 1 |  1.2
Dodging        | 3 |  3.0
Fighting       | |  6.7
Axes           | |  4.8
Armour         | |  4.8
Invocations    | |  4.9

Action                   |  1- 3 |  4- 6 || total
-------------------------+-------+-------++-------
Melee: Hand axe          |    36 |       ||    36
       Bite              |     5 |     3 ||     8
       Broad axe         |    39 |    39 ||    78
Invok: Depart the Abyss  |     1 |       ||     1
  Use: Scroll            |     5 |     2 ||     7
       Potion            |       |     1 ||     1
Armor: Chain mail        |    64 |    16 ||    80
Dodge: Dodged            |    31 |     7 ||    38
Block: Buckler           |     5 |     6 ||    11

Table legend: (Time is in decaauts)
 A = Elapsed time spent in this place.
 B = Non-inter-level travel time spent in this place.
 C = Inter-level travel time spent in this place.
 D = Time resting spent in this place.
 E = Time spent auto-exploring this place.
 F = Levels seen in this place.
 G = Mean time per level.
                   A        B        C        D        E       F      G
               +--------+--------+--------+--------+--------+-----+--------+
         Total |   3358 |   3215 |    143 |      0 |   2682 |   6 |  559.7 |
       Dungeon |   3252 |   3109 |    143 |      0 |   2620 |   4 |  813.0 |
         Abyss |    105 |    105 |      0 |      0 |     62 |   2 |   52.5 |
               +--------+--------+--------+--------+--------+-----+--------+

Top non-repeatable levels by time:
     D:3: 1172 daAuts
     D:1: 1050 daAuts
     D:2: 728 daAuts
     D:4: 301 daAuts
 Abyss:2: 60 daAuts
 Abyss:1: 45 daAuts
